 Dungeon Crawl Stone Soup version 0.23.0-3-gf3c87f2 (webtiles) character file.

Game seed: 7028277821906190655

33950 vladvlad the Thaumaturge (level 13, -2/72 HPs)
             Began as a Gargoyle Summoner on Feb 19, 2019.
             Was an Elder of Vehumet.
             Shot with a bolt by a naga sharpshooter (26 damage)
             ... on level 1 of the Snake Pit on Feb 22, 2019.
             The game lasted 12:26:30 (22573 turns).

vladvlad the Thaumaturge (Gargoyle Summoner)       Turns: 22573, Time: 12:26:33

Health: -2/72      AC: 16    Str: 13    XL:     13   Next: 74%
Magic:  16/30      EV: 19    Int: 25    God:    Vehumet [****..]
Gold:   915        SH:  4    Dex: 11    Spells: 2/38 levels left

rFire    . . .     SeeInvis .   b - +0 spear (freeze)
rCold    + . .     Gourm    .   X - +0 buckler
rNeg     + . .     Faith    .   F - +2 robe {rC+}
rPois    ∞         Spirit   .   (no helmet)
rElec    +         Reflect  .   (no cloak)
rCorr    .         Harm     .   M - +1 pair of gloves
MR       .....                  K - +0 pair of boots
Stlth    ++........             I - amulet of the acrobat
HPRegen  0.22/turn              g - +6 ring of intelligence
MPRegen  0.22/turn              a - +6 ring of evasion

@: no status effects
A: negative energy resistance 1, electricity resistance, unbreathing,
petrification resistance, rot immunity, AC +9
a: Renounce Religion


You were on level 1 of the Snake Pit.
You worshipped Vehumet.
Vehumet was greatly pleased with you.
You were hungry.

You visited 3 branches of the dungeon, and saw 16 of its levels.

You collected 1020 gold pieces.
You spent 105 gold pieces at shops.

Inventory:

Hand Weapons
 b - a +0 spear of freezing (weapon)
Armour
 z - a +0 robe of magic resistance
 F - a +2 robe of cold resistance (worn)
 K - a +0 pair of boots (worn)
 M - a +1 pair of gloves (worn)
 X - a +0 buckler (worn)
Jewellery
 a - a +6 ring of evasion (right hand)
 g - a +6 ring of intelligence (left hand)
 v - an uncursed ring of resist corrosion
 y - an uncursed ring of see invisible
 I - an amulet of the acrobat (around neck)
Wands
 E - a wand of enslavement (16)
 J - a wand of iceblast (10)
 P - a wand of paralysis (3)
Scrolls
 j - a scroll of enchant armour
 k - a scroll of fog
 n - 2 scrolls of fear
 q - 3 scrolls of teleportation
 B - 3 scrolls of identify
 N - 6 scrolls of remove curse
 Z - 3 scrolls of immolation
Potions
 d - a potion of haste
 e - 2 potions of brilliance
 f - 7 potions of curing
 h - a potion of might
 i - 3 potions of mutation
 s - a potion of resistance
 t - 3 potions of invisibility
 u - a potion of agility
 w - 5 potions of heal wounds
 x - a potion of magic
 A - a potion of flight
 D - a potion of experience
Miscellaneous
 m - a phantom mirror
 p - a lamp of fire
Comestibles
 c - 31 rations


   Skills:
 - Level 5.0 Fighting
 - Level 5.0 Polearms
 - Level 4.3 Dodging
 - Level 2.1 Stealth
 - Level 4.0 Shields
 * Level 13.4 Spellcasting
 * Level 9.7 Conjurations
 + Level 11.6 Summonings
 + Level 2.2 Fire Magic
 - Level 2.0 Evocations


You had 2 spell levels left.
You knew the following spells:

 Your Spells              Type           Power        Failure   Level  Hunger
a - Summon Small Mammal   Summ           ####         1%          1    None
b - Call Imp              Summ           ######..     1%          2    None
c - Call Canine Familiar  Summ           ######..     1%          3    None
d - Summon Guardian Gole  Hex/Summ       #####...     1%          3    None
e - Summon Ice Beast      Ice/Summ       #####...     3%          4    None
f - Summon Lightning Spi  Summ/Air       #####...     3%          4    None
g - Searing Ray           Conj           ######       1%          2    None
h - Mephitic Cloud        Conj/Pois/Air  ####....     1%          3    None
i - Inner Flame           Hex/Fire       ###.....     1%          3    None
j - Portal Projectile     Hex/Tloc       ###...       11%         3    None
k - Conjure Flame         Conj/Fire      #####...     1%          3    None
l - Bolt of Magma         Conj/Fire/Erth #####.....   5%          5    ###....

Your spell library contained the following spells:

 Spells                   Type           Power        Failure   Level  Hunger
 Magic Dart               Conj           ####         1%          1    None
 Corona                   Hex            ###....      3%          1    None
 Blink                    Tloc           N/A          5%          2    None
 Corpse Rot               Necr           N/A          5%          2    None
 Slow                     Hex            ###.....     5%          2    None
 Bolt of Draining         Conj/Necr      #####.....   3%          5    ###....
 Cause Fear               Hex            ###.......   34%         4    None
 Leda's Liquefaction      Hex/Erth       ###.......   34%         4    None
 Agony                    Necr           ###.....     67%         5    ###....
 Dispel Undead            Necr           ###.....     67%         5    ###....
 Excruciating Wounds      Chrm/Necr      ###.......   67%         5    ###....
 Sublimation of Blood     Necr           Unusable     N/A         2    N/A

Dungeon Overview and Level Annotations

Branches:
Dungeon (9/15)             Temple (0/1) D:6            Lair (6/6) D:9
 Shoals (0/4) Lair:2        Snake (1/4) Lair:2        Slime (0/5) Lair:6
    Orc: D:9-12

Altars:
Ashenzari
Hepliaklqana
Kikubaaqudgha
Nemelex Xobeh
Okawaru
Qazlal
Ru
Sif Muna
Trog
Uskayaw
Vehumet
Wu Jian
Xom
The Shining One

Shops:
D:4 %%   D:8 *

Annotations:
D:2 1 runed translucent door, 1 exclusion, Crazy Yiuf
D:6 1 runed translucent door, exclusions: door, player ghost and 3 more exclusions, p0werm0de's ghost, novice OpWn


Innate Abilities, Weirdness & Mutations

You are resistant to torment.
Your stone body is resilient. (AC +9)
You are immune to poison.
You resist negative energy. (rN+)
You are resistant to electric shocks. (rElec)
You can survive without breathing.
You are immune to petrification.
You are immune to rotting.


Message History

The anaconda bites your ice beast!
The naga sharpshooter mumbles some strange words.
The naga sharpshooter magically shoots a bolt.
The bolt hits you!
Your ice beast misses the anaconda.
Attack whom?
Press: ? - help, Dir - move target cursor, f - anaconda
Aim: an anaconda You could not reach far enough!
The anaconda grabs your ice beast. The anaconda bites your ice beast!!
Your ice beast dies!
Your guardian golem overheats!
The anaconda grabs your guardian golem. The anaconda bites your guardian golem!
The anaconda constricts your guardian golem.
Your guardian golem explodes!
The fiery explosion engulfs the anaconda!!!
The fiery explosion engulfs you!
The naga sharpshooter casts a spell.
The naga sharpshooter magically shoots a bolt.
The bolt hits you!!
You die...

###
##<##
#...#
#.h.#
#§§.#
#§@##
#S###


.NS #..⌠. #(..S #.... ##### You could see a naga sharpshooter, an anaconda and a
friendly warg.

Vanquished Creatures
  2 hydras
  3 catoblepae
  3 death yaks
  An oklob plant (Lair:5)
  2 elephants (Lair:3)
  3 spiny frogs
  A rime drake (Lair:6)
  4 hippogriffs
  2 yaks
  2 wyverns
  A basilisk (Lair:3)
  A soldier ant (Lair:2)
  7 water moccasins
  2 porcupines (Lair:5)
  An orc warrior (D:8)
  2 centaurs (D:8)
  3 crocodiles
  4 bullfrogs
  A scorpion (D:5)
  A lava snake (Lair:3)
  A hound (D:6)
  A jelly (D:8)
  An orc priest (D:7)
  3 orc wizards
  A bullfrog skeleton (D:4)
  An iguana (D:5)
  2 hell rats
  4 worker ants
  A howler monkey skeleton (D:6)
  3 adders
  3 orcs
  A ball python (D:5)
  5 giant cockroaches
  A hobgoblin (D:3)
  A jackal (D:5)
  A kobold (D:1)
  A quokka (D:6)
  A bat (D:1)
  A rat (D:2)
  A fungus (Lair:5)
  2 plants
82 creatures vanquished.

Vanquished Creatures (collateral kills)
  A dire elephant (Lair:3)
  Josephine (Lair:6)
  7 hydras
  3 catoblepae
  A queen ant (Lair:2)
  7 death yaks (Lair:6)
  Sonja (Lair:2)
  Nergalle (Lair:2)
  An oklob plant (Lair:5)
  2 manticores (Lair:6)
  4 black mambas
  15 elephants (Lair:3)
  A torpor snail (Lair:3)
  6 spiny frogs
  5 komodo dragons
  2 rime drakes (Lair:5)
  A troll (D:9)
  A hornet (Lair:4)
  4 blink frogs (Lair:6)
  A snapping turtle (Lair:2)
  A slime creature (Lair:6)
  7 hippogriffs
  4 wraiths (Lair:6)
  A spriggan (Lair:3)
  5 wyverns
  13 yaks
  6 basilisks
  Edmund (D:4)
  6 soldier ants
  9 water moccasins
  Duvessa (D:7)
  4 porcupines
  2 sky beasts
  3 phantoms
  3 orc warriors
  2 ice beasts (D:9)
  4 wolves (Lair:1)
  A black bear (D:9)
  5 ogres
  2 centaurs
  9 crocodiles
  6 bullfrogs
  A water moccasin zombie (D:9)
  2 scorpions
  Dowan (D:7)
  4 killer bees (D:9)
  3 wights (D:4)
  2 howler monkeys
  A crimson imp (D:9)
  A centaur zombie (D:5)
  5 jellies
  3 hounds
  4 orc wizards
  5 orc priests
  3 bullfrog skeletons
  A centaur skeleton (D:6)
  2 iguanas
  2 hell rats (Lair:5)
  Natasha (thrice) (D:3)
  11 worker ants
  A hound skeleton (D:4)
  4 gnolls (D:5)
  11 adders
  A howler monkey skeleton (D:4)
  3 shadow imps
  An adder zombie (D:5)
  An adder skeleton (D:5)
  2 worms
  2 dart slugs
  5 leopard geckos
  20 orcs
  4 giant cockroaches
  12 goblins
  6 hobgoblins
  8 jackals
  A quokka (D:6)
  2 ball pythons
  4 bats
  5 frilled lizards
  A jackal skeleton (D:4)
  3 kobolds
  2 rats
  3 fungi
  3 plants (Lair:2)
319 creatures vanquished.

Vanquished Creatures (others)
  An oklob plant (Lair:5)
  A porcupine (Lair:3)
  4 yaks
  2 wyverns
  A basilisk (Lair:5)
  2 bushes (Lair:6)
  81 fungi
  29 plants
121 creatures vanquished.

Grand Total: 522 creatures vanquished

Notes
Turn   | Place    | Note
-------+----------+-------------------------------------------
     0 | D:1      | vladvlad the Gargoyle Summoner began the quest for the Orb.
     0 | D:1      | Reached XP level 1. HP: 10/10 MP: 3/3
   355 | D:1      | Reached XP level 2. HP: 13/15 MP: 3/5
   359 | D:1      | Learned a level 2 spell: Call Imp
  1499 | D:2      | Found a runed translucent door.
  1500 | D:2      | Noticed Crazy Yiuf
  1887 | D:2      | Reached XP level 3. HP: 19/19 MP: 2/6
  2078 | D:2      | Found an ancient bone altar of Kikubaaqudgha.
  2096 | D:2      | Noticed a sky beast
  2346 | D:2      | Killed a sky beast
  2346 | D:2      | Reached skill level 3 in Spellcasting
  2346 | D:2      | Reached XP level 4. HP: 24/24 MP: 0/8
  2351 | D:2      | Learned a level 3 spell: Call Canine Familiar
  3075 | D:3      | Reached skill level 1 in Fighting
  3076 | D:3      | Upgraded the game from 0.23.0-2-g0fe3ce5 to
                  | 0.23.0-3-gf3c87f2
  3403 | D:3      | Reached XP level 5. HP: 29/29 MP: 7/10
  3618 | D:3      | Noticed Natasha
  3628 | D:3      | Killed Natasha
  3646 | D:3      | Noticed Natasha
  3653 | D:3      | Killed Natasha
  3679 | D:3      | Noticed Natasha
  3687 | D:3      | Killed Natasha
  3989 | D:3      | Reached skill level 4 in Spellcasting
  3989 | D:3      | Reached skill level 5 in Summonings
  4084 | D:4      | Reached XP level 6. HP: 32/34 MP: 1/12
  4578 | D:4      | Found Gakhlo's Food Shoppe.
  4850 | D:4      | Noticed Edmund
  4865 | D:4      | Killed Edmund
  4874 | D:4      | Reached XP level 7. HP: 37/38 MP: 5/14
  4940 | D:4      | Found Essannam's Food Emporium.
  4946 | D:4      | Found a glowing golden altar of the Shining One.
  5196 | D:4      | Reached skill level 5 in Spellcasting
  5493 | D:5      | Entered Level 5 of the Dungeon
  5585 | D:5      | Found a deep blue altar of Sif Muna.
  5586 | D:5      | Found a hide-covered altar of Uskayaw.
  5588 | D:5      | Found a shimmering altar of Xom.
  5588 | D:5      | Found a radiant altar of Vehumet.
  5590 | D:5      | Found a sacrificial altar of Ru.
  5593 | D:5      | Found a hazy altar of Hepliaklqana.
  5632 | D:5      | Became a worshipper of Vehumet
  6779 | D:6      | Found a staircase to the Ecumenical Temple.
  6802 | D:6      | Learned a level 3 spell: Summon Guardian Golem
  6849 | D:6      | Reached * piety under Vehumet
  6849 | D:6      | Offered knowledge of Freeze by Vehumet.
  6871 | D:6      | Reached XP level 8. HP: 31/43 MP: 1/16
  6905 | D:5      | Reached skill level 1 in Evocations
  7105 | D:6      | Found a sparkling altar of Nemelex Xobeh.
  7155 | D:6      | Found a runed translucent door.
  7155 | D:6      | Noticed p0werm0de's ghost (novice OpWn)
  7180 | D:6      | Reached skill level 6 in Spellcasting
  7588 | D:6      | Learned a level 4 spell: Summon Ice Beast
  8271 | D:7      | Offered knowledge of Sandblast by Vehumet.
  8327 | D:7      | Noticed Dowan
  8338 | D:7      | Killed Dowan
  8338 | D:7      | Reached ** piety under Vehumet
  8343 | D:7      | Noticed Duvessa
  8357 | D:7      | Killed Duvessa
  8733 | D:8      | Found Wonauceam's Assorted Antiques.
  8743 | D:8      | Bought a dented silver amulet for 105 gold pieces
  8801 | D:8      | Reached skill level 7 in Spellcasting
  8897 | D:8      | Reached XP level 9. HP: 46/47 MP: 7/19
  9247 | D:8      | Found a stormy altar of Qazlal.
  9264 | D:8      | Found an ornate altar of the Wu Jian Council.
  9265 | D:8      | Found a glowing golden altar of the Shining One.
  9670 | D:8      | Reached skill level 8 in Spellcasting
  9874 | D:9      | Found a staircase to the Lair.
  9956 | D:9      | Noticed a troll
  9965 | D:9      | Killed a troll
 10261 | D:9      | Learned a level 4 spell: Summon Lightning Spire
 10305 | D:9      | Offered knowledge of Searing Ray by Vehumet.
 10561 | D:9      | Reached XP level 10. HP: 52/52 MP: 17/22
 10588 | D:9      | Reached skill level 9 in Spellcasting
 10798 | D:9      | Found an iron altar of Okawaru.
 10824 | D:9      | Reached *** piety under Vehumet
 10987 | D:9      | Found a bloodstained altar of Trog.
 11023 | D:9      | Reached skill level 11 in Spellcasting
 11023 | D:9      | Reached XP level 11. HP: 56/56 MP: 23/26
 11025 | Lair:1   | Entered Level 1 of the Lair of Beasts
 11040 | Lair:1   | Noticed an eight-headed hydra
 11076 | D:9      | Killed an eight-headed hydra
 11349 | Lair:1   | Learned a level 2 spell: Searing Ray
 11493 | Lair:1   | Noticed a seven-headed hydra
 11504 | Lair:1   | Killed a seven-headed hydra
 11504 | Lair:1   | Reached skill level 1 in Conjurations
 11511 | Lair:1   | Reached skill level 1 in Polearms
 11801 | Lair:1   | Found the +8 whip "Snakebite" {curare, rPois}
 12565 | Lair:2   | Noticed Sonja
 12585 | Lair:2   | Killed Sonja
 12779 | Lair:2   | Found a staircase to the Snake Pit.
 12792 | Lair:2   | Offered knowledge of Mephitic Cloud by Vehumet.
 12797 | Lair:2   | Learned a level 3 spell: Mephitic Cloud
 12997 | Lair:2   | Learned a level 3 spell: Inner Flame
 13001 | Lair:2   | Learned a level 3 spell: Portal Projectile
 13162 | Lair:2   | Found a staircase to the Shoals.
 13453 | Lair:2   | Noticed a queen ant
 13455 | Lair:2   | Noticed Nergalle
 13465 | Lair:2   | Killed a queen ant
 13485 | Lair:2   | Killed Nergalle
 13691 | Lair:2   | Learned a level 3 spell: Conjure Flame
 14040 | Lair:3   | Noticed a four-headed hydra
 14260 | Lair:3   | Killed a four-headed hydra
 14418 | Lair:3   | Noticed a dire elephant
 14448 | Lair:3   | Reached XP level 12. HP: 52/64 MP: 5/27
 14462 | Lair:3   | Killed a dire elephant
 14843 | Lair:3   | Reached skill level 5 in Conjurations
 14985 | Lair:3   | Noticed a death yak
 15007 | Lair:3   | Reached **** piety under Vehumet
 15007 | Lair:3   | Reached skill level 12 in Spellcasting
 15025 | Lair:3   | Killed a death yak
 15025 | Lair:3   | Offered knowledge of Ignite Poison by Vehumet.
 15947 | Lair:4   | Noticed a five-headed hydra
 15961 | Lair:4   | Killed a five-headed hydra
 15961 | Lair:4   | Reached skill level 1 in Shields
 17191 | Lair:5   | Noticed an eight-headed hydra
 17210 | Lair:5   | Killed an eight-headed hydra
 17662 | Lair:5   | Noticed a four-headed hydra
 17671 | Lair:5   | Killed a four-headed hydra
 17788 | Lair:5   | Reached skill level 5 in Fighting
 17876 | Lair:5   | Noticed a seven-headed hydra
 17885 | Lair:5   | Killed a seven-headed hydra
 18013 | Lair:5   | Found the +7 great mace "Firestarter" {inner flame, rF++}
 18146 | Lair:5   | Noticed a catoblepas
 18172 | Lair:5   | Killed a catoblepas
 18362 | Lair:5   | Noticed a catoblepas
 18394 | Lair:5   | Killed a catoblepas
 18396 | Lair:5   | Reached XP level 13. HP: 44/72 MP: 13/29
 18818 | Lair:5   | Found a shattered altar of Ashenzari.
 19226 | Lair:6   | Entered Level 6 of the Lair of Beasts
 19523 | Lair:6   | Reached ***** piety under Vehumet
 19533 | Lair:6   | Offered knowledge of Bolt of Magma by Vehumet.
 19536 | Lair:6   | Noticed Josephine
 19544 | Lair:6   | Killed Josephine
 19554 | Lair:6   | Reached skill level 13 in Spellcasting
 19561 | Lair:6   | Learned a level 5 spell: Bolt of Magma
 20136 | Lair:6   | Got an ancient mace
 20151 | Lair:6   | Found a staircase to the Slime Pits.
 20750 | Lair:6   | Reached skill level 1 in Fire Magic
 20773 | Lair:6   | Reached skill level 5 in Polearms
 22562 | Snake:1  | Entered Level 1 of the Snake Pit
 22573 | Snake:1  | Shot with a bolt by a naga sharpshooter

Skill      XL: |  1  2  3  4  5  6  7  8  9 10 11 12 13 |
---------------+----------------------------------------+-----
Summonings     | 4 5 6 7 9 11 | 11.6
Spellcasting   | 3 4 5 7 8 11 12 13 | 13.4
Fighting       | 1 3 5 |  5.0
Evocations     | 2 |  2.0
Dodging        | 2 3 4 |  4.3
Conjurations   | 4 7 9 |  9.7
Polearms       | 2 4 5 |  5.0
Shields        | 3 4 |  4.0
Fire Magic     | 2 |  2.2
Stealth        | |  2.1

Action                   |  1- 3 |  4- 6 |  7- 9 | 10-12 | 13-15 || total
-------------------------+-------+-------+-------+-------+-------++-------
Melee: Unarmed           |    29 |       |       |       |       ||    29
       Spear             |     1 |    45 |   136 |   397 |   133 ||   712
 Cast: Summon Small Mamm |    20 |       |       |       |       ||    20
       Call Imp          |    21 |    36 |    75 |    46 |     9 ||   187
       Call Canine Famil |       |     8 |    52 |    50 |    31 ||   141
       Summon Guardian G |       |       |    11 |    20 |    19 ||    50
       Summon Ice Beast  |       |       |     4 |    68 |    42 ||   114
       Summon Lightning  |       |       |     1 |    14 |    16 ||    31
       Mephitic Cloud    |       |       |       |    43 |     6 ||    49
       Inner Flame       |       |       |       |    16 |       ||    16
       Searing Ray       |       |       |       |     9 |     3 ||    12
       Portal Projectile |       |       |       |     1 |       ||     1
       Conjure Flame     |       |       |       |     3 |     2 ||     5
       Bolt of Magma     |       |       |       |       |    13 ||    13
Evoke: Wand              |       |       |    10 |     5 |       ||    15
  Use: Scroll            |       |     3 |    13 |     7 |     1 ||    24
       Potion            |       |       |     6 |     4 |       ||    10
 Stab: Sleeping          |       |       |     4 |     2 |       ||     6
       Distracted        |       |       |       |     7 |     8 ||    15
       Confused          |       |       |       |     2 |     1 ||     3
       Petrified         |       |       |       |       |     6 ||     6
  Eat: Chunk             |     6 |    10 |    19 |    18 |     7 ||    60
       Ration            |       |       |       |     2 |     2 ||     4
Armor: Robe              |    17 |       |    14 |    70 |    23 ||   124
       Leather armour    |     6 |    16 |    17 |       |       ||    39
       Skin              |       |     3 |       |       |       ||     3
Dodge: Dodged            |    51 |    31 |    88 |   239 |    50 ||   459
Block: Buckler           |       |       |       |       |     1 ||     1
